SNL (28 & UNDER)
MONTGOMERY BISCUITS @ GAINESVILLE GUIDOS
06/27/2024
 
TOP OF THE 1ST
Montgomery Biscuits batting - Pitching for Gainesville Guidos : RHP Matt McGinnity
Pitching: RHP Matt McGinnity
Batting: RHB Dave Dawson 0-0: Ground out 3-1 (Groundball, 34S)
Batting: RHB Collin Smith 0-0: Ball
1-0: Swinging Strike
1-1: Swinging Strike
1-2: Strikes out swinging
Batting: RHB Jean-Paul St-Pierre 0-0: Ball
1-0: Called Strike
1-1: Foul Ball, location: 2F
1-2: Strikes out swinging
Top of the 1st over - 0 run(s), 0 hit(s), 0 error(s), 0 left on base; Montgomery 0 - Gainesville 0
BOTTOM OF THE 1ST
Gainesville Guidos batting - Pitching for Montgomery Biscuits : LHP Gonzalo Martínez
Pitching: LHP Gonzalo Martínez
Batting: RHB Noriyori Ine 0-0: Called Strike
0-1: Foul Ball, location: 2F
0-2: Ball
1-2: Strikes out looking
Batting: RHB Tetsunori Ito 0-0: Ball
1-0: Ball
2-0: Swinging Strike
2-1: Called Strike
2-2: Ball
3-2: Strikes out swinging
Batting: LHB Dave Watt 0-0: Swinging Strike
0-1: Ball
1-1: Ball
2-1: Ball
3-1: Foul Ball, location: 2F
3-2: Foul Ball, location: 2F
3-2: Base on Balls
Batting: RHB Kyle O'Day 0-0: Called Strike
0-1: Ball
1-1: Ball
2-1: Ground out 1-3 (Groundball, 13)
Bottom of the 1st over - 0 run(s), 0 hit(s), 0 error(s), 1 left on base; Montgomery 0 - Gainesville 0
TOP OF THE 2ND
Montgomery Biscuits batting - Pitching for Gainesville Guidos : RHP Matt McGinnity
Batting: SHB Terry O'Farrell 0-0: Ball
1-0: Ball
2-0: Ball
3-0: Called Strike
3-1: Foul Ball, location: 2F
3-2: Strikes out looking
Batting: LHB José Martínez 0-0: Called Strike
0-1: Called Strike
0-2: Foul Ball, location: 2F
0-2: SINGLE (Groundball, 5D)
Batting: RHB Carlos Vásquez 0-0: Swinging Strike
0-1: Called Strike
0-2: Ball
1-2: SINGLE (Groundball, 56)
José Martínez to second
Batting: RHB Pete Smith 0-0: Called Strike
0-1: Foul Ball, location: 2F
0-2: Strikes out swinging
Batting: LHB Curt Causton 0-0: Called Strike
0-1: Ball
1-1: Ground out 4-3 (Groundball, 4)
Top of the 2nd over - 0 run(s), 2 hit(s), 0 error(s), 2 left on base; Montgomery 0 - Gainesville 0
BOTTOM OF THE 2ND
Gainesville Guidos batting - Pitching for Montgomery Biscuits : LHP Gonzalo Martínez
Batting: RHB Mitch Thomas 0-0: Fly out, F9 (Line Drive, 9S)
Batting: RHB Pedro Mata 0-0: Called Strike
0-1: Foul Ball, location: 2F
0-2: Strikes out swinging
Batting: LHB Marcos Villarreal 0-0: Ball
1-0: Ball
2-0: Ball
3-0: Base on Balls
Batting: LHB Ramón Durán 0-0: Called Strike
0-1: Called Strike
0-2: Foul Ball, location: 2F
0-2: Foul Ball, location: 2F
0-2: Ball
1-2: Ball
2-2: Strikes out swinging
Bottom of the 2nd over - 0 run(s), 0 hit(s), 0 error(s), 1 left on base; Montgomery 0 - Gainesville 0
TOP OF THE 3RD
Montgomery Biscuits batting - Pitching for Gainesville Guidos : RHP Matt McGinnity
Batting: RHB Peyton Yardley 0-0: Foul Ball, location: 2F
0-1: Ball
1-1: Ball
2-1: Swinging Strike
2-2: Strikes out swinging
Batting: RHB Dave Dawson 0-0: Called Strike
0-1: Ground out 1-3 (Groundball, 15S)
Batting: RHB Collin Smith 0-0: Ball
1-0: Called Strike
1-1: Ball
2-1: Called Strike
2-2: Strikes out swinging
Top of the 3rd over - 0 run(s), 0 hit(s), 0 error(s), 0 left on base; Montgomery 0 - Gainesville 0
BOTTOM OF THE 3RD
Gainesville Guidos batting - Pitching for Montgomery Biscuits : LHP Gonzalo Martínez
Batting: RHB Iván Moreno 0-0: Ball
1-0: DOUBLE (Line Drive, 9LS)
Batting: RHB Noriyori Ine 0-0: Foul Ball, location: 2F
0-1: Ball
1-1: Foul Ball, location: 2F
1-2: Ball
2-2: Ball
3-2: Base on Balls
Batting: RHB Tetsunori Ito 0-0: Called Strike
Iván Moreno steals 3rd base
Noriyori Ine to second
0-1: Ground out 1-3 (Groundball, 13S)
Batting: LHB Dave Watt 0-0: Foul Ball, location: 2F
0-1: Ball
1-1: Ball
2-1: Ball
3-1: Swinging Strike
3-2: Base on Balls
Batting: RHB Kyle O'Day 0-0: Grounds into double play, 4-6-3 (Groundball, 4)
Bottom of the 3rd over - 0 run(s), 1 hit(s), 0 error(s), 2 left on base; Montgomery 0 - Gainesville 0
TOP OF THE 4TH
Montgomery Biscuits batting - Pitching for Gainesville Guidos : RHP Matt McGinnity
Batting: RHB Jean-Paul St-Pierre 0-0: Ball
1-0: Swinging Strike
1-1: Ball
2-1: Hit by Pitch
Batting: SHB Terry O'Farrell 0-0: Fly out, F7 (Flyball, 7M)
Batting: LHB José Martínez 0-0: Called Strike
0-1: SINGLE (Groundball, 34D)
Jean-Paul St-Pierre to second
Runner from 2nd tries for 3rd, SAFE, throw made to third
Batting: RHB Carlos Vásquez 0-0: Ball
1-0: Swinging Strike
1-1: Foul Ball, location: 2F
1-2: Ball
2-2: Strikes out swinging
Batting: RHB Pete Smith 0-0: Ball
1-0: Foul Ball, location: 2F
1-1: Ball
2-1: Foul Ball, location: 2F
2-2: Strikes out swinging
Top of the 4th over - 0 run(s), 1 hit(s), 0 error(s), 2 left on base; Montgomery 0 - Gainesville 0
BOTTOM OF THE 4TH
Gainesville Guidos batting - Pitching for Montgomery Biscuits : LHP Gonzalo Martínez
Batting: RHB Mitch Thomas 0-0: Ball
1-0: Ball
2-0: Foul Ball, location: 2F
2-1: Foul Ball, location: 2F
2-2: Foul Ball, location: 2F
2-2: Strikes out swinging
Batting: RHB Pedro Mata 0-0: Ball
1-0: Called Strike
1-1: Swinging Strike
1-2: Fly out, F9 (Flyball, 9M)
Batting: LHB Marcos Villarreal 0-0: Ball
1-0: SINGLE (Line Drive, 34)
Batting: LHB Ramón Durán 0-0: Ball
1-0: Ball
2-0: Ball
3-0: Called Strike
3-1: Base on Balls
Marcos Villarreal to second
Batting: RHB Iván Moreno 0-0: Ball
1-0: Foul Ball, location: 2F
1-1: Ball
2-1: Ball
3-1: Foul Ball, location: 2F
3-2: Foul Ball, location: 2F
3-2: Foul Ball, location: 2F
3-2: Base on Balls
Marcos Villarreal to third
Ramón Durán to second
Batting: RHB Noriyori Ine 0-0: Ball
1-0: Foul Ball, location: 2F
1-1: Called Strike
1-2: Strikes out looking
Bottom of the 4th over - 0 run(s), 1 hit(s), 0 error(s), 3 left on base; Montgomery 0 - Gainesville 0
TOP OF THE 5TH
Montgomery Biscuits batting - Pitching for Gainesville Guidos : RHP Matt McGinnity
Batting: LHB Curt Causton 0-0: Called Strike
0-1: Called Strike
0-2: Ball
1-2: Fly out, F8 (Flyball, 8LM)
Batting: RHB Peyton Yardley 0-0: Called Strike
0-1: Ball
1-1: Foul Ball, location: 2F
1-2: Strikes out swinging
Batting: RHB Dave Dawson 0-0: Called Strike
0-1: Ball
1-1: Foul Ball, location: 2F
1-2: Foul Ball, location: 2F
1-2: Strikes out looking
Top of the 5th over - 0 run(s), 0 hit(s), 0 error(s), 0 left on base; Montgomery 0 - Gainesville 0
BOTTOM OF THE 5TH
Gainesville Guidos batting - Pitching for Montgomery Biscuits : LHP Gonzalo Martínez
Batting: RHB Tetsunori Ito 0-0: Swinging Strike
0-1: Ball
1-1: Ball
2-1: Swinging Strike
2-2: Ball
3-2: Strikes out swinging
Batting: LHB Dave Watt 0-0: Called Strike
0-1: Ball
1-1: Foul Ball, location: 2F
1-2: Ball
2-2: Ball
3-2: SINGLE (Groundball, 34)
Batting: RHB Kyle O'Day 0-0: DOUBLE (Flyball, 7LM)
Dave Watt to third
Runner from 3rd tries for Home, throw and OUT!
Kyle O'Day to third
Pitching: RHP Ángel Ávila
Batting: RHB Mitch Thomas 0-0: Called Strike
0-1: Swinging Strike
0-2: Strikes out swinging
Bottom of the 5th over - 0 run(s), 2 hit(s), 0 error(s), 1 left on base; Montgomery 0 - Gainesville 0
TOP OF THE 6TH
Montgomery Biscuits batting - Pitching for Gainesville Guidos : RHP Matt McGinnity
Batting: RHB Collin Smith 0-0: Swinging Strike
0-1: Ball
1-1: Ball
2-1: SINGLE (Groundball, 56S)
Pitching: RHP Marlon Ryan
Batting: RHB Jean-Paul St-Pierre 0-0: Ball
1-0: Ball
Wild Pitch!
Collin Smith to second
2-0: Ball
3-0: Called Strike
3-1: Swinging Strike
3-2: SINGLE (Flyball, 89S)
Collin Smith to third
Batting: SHB Terry O'Farrell 0-0: Ball
1-0: Fly out, F8 (Flyball, 8LD)
Runner from 3rd tags up, SCORES, no throw
Batting: LHB José Martínez 0-0: Called Strike
0-1: Ball
1-1: Ball
2-1: Fielders Choice at 2nd, 5-4 (Groundball, 56)
Batting: RHB Carlos Vásquez 0-0: Ball
1-0: Swinging Strike
1-1: Fly out, F9 (Flyball, 9D)
Top of the 6th over - 1 run(s), 2 hit(s), 0 error(s), 1 left on base; Montgomery 1 - Gainesville 0
BOTTOM OF THE 6TH
Gainesville Guidos batting - Pitching for Montgomery Biscuits : RHP Ángel Ávila
Batting: RHB Pedro Mata 0-0: Swinging Strike
0-1: Ball
1-1: Ball
2-1: Foul Ball, location: 2F
2-2: Foul Ball, location: 2F
2-2: Ball
3-2: SINGLE (Groundball, 56D)
Batting: LHB Marcos Villarreal 0-0: Reached on Error, E8 (Flyball, 8RM)
Pedro Mata to second
Batting: LHB Ramón Durán 0-0: Ball
1-0: Called Strike
1-1: Foul Ball, location: 2F
1-2: Foul Ball, location: 2F
1-2: Foul Ball, location: 2F
1-2: Foul Ball, location: 2F
1-2: Foul Ball, location: 2F
1-2: Ball
2-2: Fly out, F2 (Popup, 25)
Batting: RHB Iván Moreno 0-0: Foul Ball, location: 2F
0-1: Ball
1-1: Foul Ball, location: 2F
1-2: Ball
2-2: Fly out, F9 (Flyball, 9M)
Batting: RHB Noriyori Ine 0-0: Ball
1-0: Ball
2-0: Ball
3-0: Called Strike
3-1: Foul Ball, location: 2F
3-2: Base on Balls
Pedro Mata to third
Marcos Villarreal to second
Batting: RHB Tetsunori Ito 0-0: Ball
1-0: Foul Ball, location: 2F
1-1: Called Strike
1-2: SINGLE (Line Drive, 9LM)
Pedro Mata scores
Marcos Villarreal to third
Noriyori Ine to second
Batting: LHB Dave Watt 0-0: Ball
1-0: GRAND SLAM HOME RUN (Flyball, 9LD), Distance : 333 ft
Pitching: LHP Steve Billington
Batting: RHB Kyle O'Day 0-0: Ball
1-0: Ball
2-0: Ball
3-0: Base on Balls
Batting: RHB Mitch Thomas 0-0: Reached on Error, E9 (Flyball, 89S)
Kyle O'Day to third
Batting: RHB Pedro Mata 0-0: Foul Ball, location: 2F
0-1: Called Strike
0-2: Ball
1-2: Strikes out swinging
Bottom of the 6th over - 5 run(s), 3 hit(s), 2 error(s), 2 left on base; Montgomery 1 - Gainesville 5
TOP OF THE 7TH
Montgomery Biscuits batting - Pitching for Gainesville Guidos : RHP Marlon Ryan
Batting: RHB Pete Smith 0-0: SINGLE (Line Drive, 4MD)
Batting: LHB Curt Causton 0-0: Foul Ball, location: 2F
0-1: Ball
1-1: Ball
2-1: Ball
3-1: Called Strike
3-2: Foul Ball, location: 2F
3-2: SINGLE (Flyball, 7S)
Pete Smith to second
Pete Smith to third
Batting: RHB Peyton Yardley 0-0: Ball
1-0: Ball
2-0: SINGLE (Flyball, 8RS)
Pete Smith scores
Curt Causton to second
Batting: RHB Dave Dawson 0-0: Ball
1-0: SINGLE (Groundball, 4M)
Curt Causton to third
Peyton Yardley to second
Runner from 3rd tries for Home, SAFE, throw made home
Peyton Yardley to third
Dave Dawson to second
Pinch Hitting: RHB Larry Mitchell 0-0: DOUBLE (Line Drive, 78S)
Peyton Yardley scores
Dave Dawson scores
Pitching: LHP Mike Scott
Batting: RHB Jean-Paul St-Pierre 0-0: Ball
1-0: Foul Ball, location: 2F
1-1: Foul Ball, location: 2F
1-2: Ball
2-2: SINGLE (Groundball, 34)
Larry Mitchell to third
Batting: SHB Terry O'Farrell 0-0: Ball
1-0: Swinging Strike
1-1: Foul Ball, location: 2F
1-2: Strikes out swinging
Batting: LHB José Martínez 0-0: Called Strike
0-1: Foul Ball, location: 2F
0-2: Foul Ball, location: 2F
0-2: Ball
1-2: Ball
2-2: Strikes out swinging
Pinch Hitting: SHB Andrew Curran 0-0: Called Strike
0-1: Ball
1-1: Ball
2-1: Ball
Wild Pitch!
Larry Mitchell scores
Jean-Paul St-Pierre to second
3-1: Fly out, F2 (Popup, 2R)
Top of the 7th over - 5 run(s), 6 hit(s), 0 error(s), 1 left on base; Montgomery 6 - Gainesville 5
BOTTOM OF THE 7TH
Gainesville Guidos batting - Pitching for Montgomery Biscuits : LHP Steve Billington
Now at SS: Andrew Curran
Now in LF: Larry Mitchell
Batting: LHB Marcos Villarreal 0-0: Called Strike
0-1: Ball
1-1: Foul Ball, location: 2F
1-2: Ground out 4-3 (Groundball, 4)
Batting: LHB Ramón Durán 0-0: Ball
1-0: Ball
2-0: Ball
3-0: Base on Balls
Pinch Hitting: RHB Kurt Walter 0-0: Called Strike
0-1: Ball
1-1: Foul Ball, location: 2F
1-2: Strikes out swinging
Batting: RHB Noriyori Ine 0-0: Fly out, F6 (Line Drive, 6)
Bottom of the 7th over - 0 run(s), 0 hit(s), 0 error(s), 1 left on base; Montgomery 6 - Gainesville 5
TOP OF THE 8TH
Montgomery Biscuits batting - Pitching for Gainesville Guidos : LHP Mike Scott
Now at 3B: Juan Carlos Alfonzo
Batting: RHB Pete Smith 0-0: Called Strike
0-1: SOLO HOME RUN (Line Drive, 78XD), Distance : 409 ft
Batting: LHB Curt Causton 0-0: Called Strike
0-1: Ball
1-1: Ball
2-1: Ground out 3-1 (Groundball, 34)
Batting: RHB Peyton Yardley 0-0: Ball
1-0: Called Strike
1-1: Foul Ball, location: 2F
1-2: Strikes out swinging
Batting: RHB Dave Dawson 0-0: Ball
1-0: Swinging Strike
1-1: Ball
2-1: Swinging Strike
2-2: Strikes out swinging
Top of the 8th over - 1 run(s), 1 hit(s), 0 error(s), 0 left on base; Montgomery 7 - Gainesville 5
BOTTOM OF THE 8TH
Gainesville Guidos batting - Pitching for Montgomery Biscuits : LHP Steve Billington
Batting: RHB Tetsunori Ito 0-0: Fly out, F9 (Flyball, 89M)
Batting: LHB Dave Watt 0-0: Ball
1-0: Ball
2-0: Ball
3-0: Base on Balls
Pitching: RHP Scott Walker
Batting: RHB Kyle O'Day 0-0: Ball
1-0: Foul Ball, location: 2F
1-1: Ball
Wild Pitch!
Dave Watt to second
2-1: Swinging Strike
2-2: Strikes out swinging
Batting: RHB Mitch Thomas 0-0: Ball
1-0: Swinging Strike
1-1: DOUBLE (Line Drive, 78D)
Dave Watt scores
Batting: RHB Pedro Mata 0-0: Ball
1-0: Foul Ball, location: 2F
1-1: Called Strike
1-2: Ground out 5-3 (Groundball, 5)
Bottom of the 8th over - 1 run(s), 1 hit(s), 0 error(s), 1 left on base; Montgomery 7 - Gainesville 6
TOP OF THE 9TH
Montgomery Biscuits batting - Pitching for Gainesville Guidos : LHP Mike Scott
Pitching: RHP Lance Sanders
Batting: RHB Larry Mitchell 0-0: Ball
1-0: Swinging Strike
1-1: SINGLE (Groundball, 56D)
Batting: RHB Jean-Paul St-Pierre 0-0: Ball
1-0: Foul Ball, location: 2F
1-1: Called Strike
1-2: Strikes out swinging
Batting: SHB Terry O'Farrell 0-0: Ball
1-0: Ball
2-0: Swinging Strike
2-1: Fielders Choice at 2nd, 6-4 (Groundball, 6M)
Batting: LHB José Martínez 0-0: Called Strike
0-1: Foul Ball, location: 2F
0-2: Foul Ball, location: 2F
0-2: Ground out 4-3 (Groundball, 34)
Top of the 9th over - 0 run(s), 1 hit(s), 0 error(s), 1 left on base; Montgomery 7 - Gainesville 6
BOTTOM OF THE 9TH
Gainesville Guidos batting - Pitching for Montgomery Biscuits : RHP Scott Walker
Pitching: RHP Pedro Valdés
Now at 1B: Carlos Velásquez
Pinch Hitting: LHB David Murphy 0-0: Called Strike
0-1: Ball
1-1: Ball
2-1: Ball
3-1: Base on Balls
Batting: LHB Ramón Durán 0-0: Sac Bunt - play at second, runner OUT! 1-6
Pinch Hitting: LHB Ed Hart 0-0: Called Strike
0-1: Ball
1-1: Ball
2-1: Foul Ball, location: 2F
2-2: Ball
3-2: Base on Balls
Ramón Durán to second
Pinch Hitting: LHB Mark Owens 0-0: Called Strike
0-1: Ball
1-1: Ball
2-1: Foul Ball, location: 2F
2-2: Ball
3-2: Base on Balls
Ramón Durán to third
Ed Hart to second
Pinch Hitting: LHB António Cedeńo 0-0: Called Strike
0-1: Fly out, F6 (Popup, 6)
Batting: LHB Dave Watt 0-0: Ball
1-0: Called Strike
1-1: Ball
2-1: Ball
3-1: Foul Ball, location: 2F
3-2: Fly out, F8 (Flyball, 8RD)
Bottom of the 9th over - 0 run(s), 0 hit(s), 0 error(s), 3 left on base; Montgomery 7 - Gainesville 6
This league is powered by Out of the Park Baseball, the baseball management simulation game for PC, Mac and Linux
Saturday, April 9th, 2016 - OOTP Baseball 16.8 Build 38